 Dungeon Crawl Stone Soup version 0.17-a0-1176-g3d5a0d0 (webtiles) character file.

3729 Solfyre the Fighter (level 9, -3/90 HPs)
             Began as a Minotaur Berserker on June 1, 2015.
             Was a High Priest of Trog.
             Slain by a six-headed hydra (9 damage)
             ... on level 8 of the Dungeon.
             The game lasted 01:02:35 (5852 turns).

Solfyre the Fighter (Minotaur Berserker)            Turns: 5852, Time: 01:02:36

Health: -3/90      AC: 17    Str: 30    XL:     9   Next: 92%
Magic:  8/8        EV:  6    Int:  4    God:    Trog [*****.]
Gold:   301        SH:  8    Dex: 10    Spells: 0 memorised, 8 levels left

rFire  . . .     SeeInvis .     m - +5 hammer of Ascent {elec, Str+5}
rCold  + . .     Clarity  .     r - +4 chain mail {MR+}
rNeg   . . .     SustAt   .     t - +0 shield
rPois  .         Gourm    .     (helmet restricted)
rElec  .         Spirit   .     L - +1 cloak
rCorr  .         Warding  .     (no gloves)
rMut   .         Stasis   .     (no boots)
MR     +....                    (no amulet)
Stlth  ..........               (no ring)
                                J - ring of protection from cold

@: very slightly contaminated, hasted, invisible, very quick, somewhat resistant
to hostile enchantments, extremely unstealthy
A: retaliatory headbutt, horns 2
a: Burn Spellbooks, Berserk, Trog's Hand, Brothers in Arms, Renounce Religion


You were on level 8 of the Dungeon.
You worshipped Trog.
Trog was extremely pleased with you.
You were not hungry.

You visited 1 branch of the dungeon, and saw 8 of its levels.

You collected 301 gold pieces.

Inventory:

Hand weapons
 h - a +1 flail of protection
 m - the +5 hammer of Ascent (weapon) {elec, Str+5}
   (You found it on level 5 of the Dungeon)

   Occasionally, upon striking a foe, it will discharge some electrical energy
   and cause terrible harm.
   It affects your strength (+5).
 w - the +8 war axe "Vesauz" {vamp, Str+2 Dex+3}
   (You found it on level 5 of the Dungeon)

   It inflicts no extra harm, but heals its wielder somewhat when it strikes a
   living foe.
   It affects your strength (+2).
   It affects your dexterity (+3).
Missiles
 i - 15 steel bolts
 z - 34 bolts
 E - 10 bolts of penetration
 K - 4 javelins of returning (quivered)
Armour
 r - a +4 chain mail of magic resistance (worn)
 t - a +0 shield (worn)
 L - a +1 cloak (worn)
Jewellery
 J - a ring of protection from cold (left hand)
 Q - an uncursed ring of protection from cold
 S - an uncursed amulet of rage
Magical devices
 a - a wand of teleportation (5)
 I - a wand of hasting (2)
Scrolls
 n - a scroll of magic mapping
 C - a scroll of teleportation
Potions
 g - 2 potions of curing
 j - 3 potions of lignification
 M - a potion of flight
 R - a potion of might {unknown}
Comestibles
 c - 7 bread rations
 d - 3 meat rations
 O - 6 chunks of flesh
 P - 5 fruits
 U - 2 beef jerkies
 V - 7 slices of pizza


   Skills:
 * Level 12.2 Fighting
 + Level 9.3 Axes
 - Level 1.2(5.9) Maces & Flails
 + Level 8.9 Armour
 - Level 2.1 Dodging


You had 8 spell levels left.
You didn't know any spells.

Dungeon Overview and Level Annotations

Branches:
Dungeon (8/15)             Temple (0/1) D:5
   Lair: D:8-11

Altars:
Ashenzari
Dithmenos
Elyvilon
Kikubaaqudgha
Okawaru
Qazlal
Ru
Sif Muna
Trog
Xom

Shops:
D:6 %

Annotations:
D:6 1 runed door


Innate Abilities, Weirdness & Mutations

You reflexively headbutt those who attack you in melee.
You have a pair of horns on your head.


Message History

The six-headed hydra bites you!
* * * LOW HITPOINT WARNING * * *
The six-headed hydra bites you but does no damage.
The six-headed hydra bites you.
* * * LOW HITPOINT WARNING * * *
The six-headed hydra bites you.
* * * LOW HITPOINT WARNING * * *
You hit the six-headed hydra.
There is a sudden explosion of sparks!
Your headbutt misses the six-headed hydra.
The six-headed hydra is severely wounded.
The six-headed hydra bites you.
* * * LOW HITPOINT WARNING * * *
The six-headed hydra bites you.
* * * LOW HITPOINT WARNING * * *
The six-headed hydra bites you.
* * * LOW HITPOINT WARNING * * *
The six-headed hydra bites you.
* * * LOW HITPOINT WARNING * * *
The six-headed hydra bites you!
You die...

. ####........
...
#..#........#
#...
#.....###...#
.....###.....#
....
#.......#..#
#..
#.......####
#..###†)#..#
.... #......#
#.. #).#@.##
..
####D......# .
#.......#
...###... ....
.. ..#..# . ..
### ...


You could see a six-headed hydra.

Vanquished Creatures
  Pikel (D:5)
  Grinder (D:5)
  A deep elf mage (D:8)
  A hog (D:7)
  A human (D:7)
  Menkaure (D:5)
  Edmund (D:5)
  2 orc warriors
  2 sky beasts
  A black bear (D:6)
  2 phantoms (D:7)
  A slave (D:5)
  A centaur (D:7)
  2 ogres
  A giant frog (D:7)
  Blork the orc (D:4)
  3 scorpions
  2 killer bees
  A crimson imp (D:6)
  A giant frog zombie (D:6)
  2 jellies (D:6)
  A giant frog skeleton (D:5)
  3 hounds
  Crazy Yiuf (D:5)
  2 orc priests
  An iguana (D:7)
  10 orc wizards
  10 worker ants
  A killer bee zombie (D:8)
  3 sheep (D:7)
  A worker ant zombie (D:6)
  3 gnolls (D:2)
  5 adders
  4 worms
  4 giant geckos
  18 orcs
  7 bats
  A bat skeleton (D:6)
  8 giant cockroaches
  9 goblins
  11 hobgoblins
  5 quokkas
  2 ball pythons
  A giant gecko zombie (D:6)
  9 giant newts
  A jackal (D:2)
  9 kobolds
  11 rats
  2 butterflies (D:6)
172 creatures vanquished.

Notes
Turn   | Place    | Note
--------------------------------------------------------------
     0 | D:1      | Solfyre the Minotaur Berserker began the quest for the Orb.
     0 | D:1      | Reached XP level 1. HP: 19/19 MP: 0/0
   416 | D:2      | Reached skill level 4 in Fighting
   456 | D:2      | Reached XP level 2. HP: 17/27 MP: 1/1
  1149 | D:2      | Reached XP level 3. HP: 24/34 MP: 2/2
  1193 | D:2      | Acquired Trog's second power
  1422 | D:3      | Reached skill level 5 in Fighting
  1430 | D:3      | Reached XP level 4. HP: 29/42 MP: 3/3
  1692 | D:3      | Reached XP level 5. HP: 36/48 MP: 4/4
  2392 | D:4      | Reached skill level 5 in Axes
  2431 | D:4      | Noticed Blork the orc
  2457 | D:4      | Killed Blork the orc
  2457 | D:4      | Reached skill level 6 in Fighting
  2567 | D:4      | Reached XP level 6. HP: 46/58 MP: 5/5
  3336 | D:5      | Entered Level 5 of the Dungeon
  3491 | D:5      | Noticed Edmund
  3520 | D:5      | Killed Edmund
  3520 | D:5      | Reached skill level 7 in Fighting
  3547 | D:5      | Reached XP level 7. HP: 33/66 MP: 6/6
  3591 | D:5      | Got a smoking trident
  3621 | D:5      | Reached skill level 5 in Armour
  3699 | D:5      | Got a crystal war axe
  3705 | D:5      | Identified the +8 war axe "Vesauz" {vamp, Str+2 Dex+3} (You found it on level 5 of the Dungeon)
  3716 | D:5      | Noticed Menkaure
  3722 | D:5      | Killed Menkaure
  3722 | D:5      | Reached skill level 1 in Maces & Flails
  3750 | D:5      | Reached skill level 8 in Fighting
  3768 | D:5      | Noticed Pikel
  3779 | D:5      | Killed Pikel
  3779 | D:5      | Reached skill level 9 in Fighting
  3779 | D:5      | Reached XP level 8. HP: 75/78 MP: 7/7
  3780 | D:5      | Found a staircase to the Ecumenical Temple.
  3918 | D:5      | Noticed Grinder
  3925 | D:5      | Killed Grinder
  4132 | D:5      | Noticed Crazy Yiuf
  4136 | D:5      | Killed Crazy Yiuf
  4141 | D:5      | Got a slimy hammer
  4231 | D:5      | Reached skill level 10 in Fighting
  4356 | D:6      | Acquired Trog's third power
  4412 | D:6      | Found an iron altar of Okawaru.
  4520 | D:6      | Found Ikkohuup's Food Boutique.
  4618 | D:6      | Reached XP level 9. HP: 86/86 MP: 8/8
  4815 | D:6      | Found a runed door.
  4838 | D:6      | Reached skill level 11 in Fighting
  4842 | D:6      | Found a runed door.
  5090 | D:7      | Found a deep blue altar of Sif Muna.
  5090 | D:7      | Found a white marble altar of Elyvilon.
  5119 | D:7      | Found a shattered altar of Ashenzari.
  5121 | D:7      | Found an ancient bone altar of Kikubaaqudgha.
  5121 | D:7      | Found a stormy altar of Qazlal.
  5122 | D:7      | Found a shimmering altar of Xom.
  5123 | D:7      | Found a shadowy altar of Dithmenos.
  5124 | D:7      | Found a bloodstained altar of Trog.
  5125 | D:7      | Found an iron altar of Okawaru.
  5129 | D:7      | Found a sacrificial altar of Ru.
  5559 | D:7      | Reached skill level 12 in Fighting
  5736 | D:7      | Identified the +5 hammer of Ascent {elec, Str+5} (You found it on level 5 of the Dungeon)
  5737 | D:7      | Identified the cursed +2 trident of Xasmim {drain, rC+ Str+4} (You found it on level 5 of the Dungeon)
  5840 | D:8      | Noticed a six-headed hydra
  5852 | D:8      | Slain by a six-headed hydra

Vault maps used:
D:1:      minmay_arrival_widening_spiral_wide
D:2:      st_stairs_5, serial_bayou_pond_b
D:3:      first_bread
D:4:      uniq_blork_the_orc
D:5:      minmay_temple_entry_purple_smoke, minmay_misc_feat_room,
          uniq_menkaure, uniq_crazy_yiuf_cottage, uniq_pikel, uniq_edmund,
          uniq_grinder
D:6:      lemuel_insect_pit, serial_shops, shop, hangedman_decor_lopped,
          okawaru_trees_1
D:7:      corexii_shack_village, minitemple, grunt_livestock
D:8:      hangedman_cross_cluster, kennysheep_mini,
          gammafunk_temple_overflow_wave, minivault_26, st_stairs_3, uniq_grum

Action                   |  1- 3 |  4- 6 |  7- 9 || total
-------------------------+-------+-------+-------++-------
Melee: Hand axe          |    80 |    95 |       ||   175
       Mace              |       |    83 |    22 ||   105
       War axe           |       |       |   194 ||   194
       Flail             |       |       |     6 ||     6
       Hammer            |       |       |     5 ||     5
Throw: Javelin           |       |     5 |     6 ||    11
Invok: Trog's Hand       |     1 |       |       ||     1
       Berserk           |       |     2 |       ||     2
       Burn Spellbooks   |       |       |     1 ||     1
  Use: Scroll            |       |       |    21 ||    21
       Potion            |       |       |     4 ||     4
 Stab: Sleeping          |     1 |       |       ||     1
       Invisible         |       |       |     1 ||     1
  Eat: Chunk             |     1 |     7 |     8 ||    16
       Royal jelly       |       |     1 |     1 ||     2
       Beef jerky        |       |       |     2 ||     2
